 Dungeon Crawl Stone Soup version 0.24-a0-464-g6b2be6b8c7 (webtiles) character file.

Game seed: 16095956219150432482

104 mhoghedin the Stinger (level 4, -2/40 HPs)
             Began as an Octopode Venom Mage on July 3, 2019.
             Was an Initiate of Vehumet.
             Killed from afar by Natasha (10 damage)
             ... with a puff of flame
             ... on level 2 of the Dungeon.
             The game lasted 00:03:31 (2065 turns).

mhoghedin the Stinger (Octopode Venom Mage)         Turns: 2065, Time: 00:03:31

Health: -2/40      AC: 22    Str:  7    XL:     4   Next: 80%
Magic:  0/7        EV:  2    Int: 18    God:    Vehumet [......]
Gold:   71         SH:  5    Dex: 12    Spells: 1/7 levels left

rFire    . . .     SeeInvis .   f - +0 dagger (drain)
rCold    . . .     Gourm    .   (no shield)
rNeg     + + +     Faith    .   (helmet currently unavailable)
rPois    +         Spirit   .   a - +5 amulet of reflection
rElec    .         Reflect  +   (no ring)
rCorr    .         Harm     .   (no ring)
MR       .....     NoTele   +   (no ring)
Stlth    ++........             (no ring)
HPRegen  0.13/turn              (no ring)
MPRegen  0.10/turn              (no ring)
                                (no ring)
                                (no ring)

@: tree-form, very slightly contaminated, slowed, very slow
A: almost no armour, stealthy swim, (amphibious), 8 rings, (constrict 8)
a: Renounce Religion


You were on level 2 of the Dungeon.
You worshipped Vehumet.
Vehumet was noncommittal.
You were hungry.
You were a tree.
You visited 1 branch of the dungeon, and saw 2 of its levels.

You collected 71 gold pieces.

Inventory:

Hand Weapons
 f - a +0 dagger of draining (weapon)
   (You took it off a kobold on level 2 of the Dungeon)
Jewellery
 a - a +5 amulet of reflection (around neck)
   (You found it on level 1 of the Dungeon)
 h - a +1 ring of evasion {unknown}
   (You found it on level 2 of the Dungeon)
Scrolls
 c - a scroll of amnesia {unknown}
 g - a scroll of identify {unknown}
Potions
 d - a potion of haste {unknown}
Comestibles
 b - a ration


   Skills:
 + Level 1.5 Short Blades
 - Level 2.0 Dodging
 + Level 3.8 Stealth
 - Level 2.0 Spellcasting
 - Level 1.0 Conjurations
 - Level 1.7 Air Magic
 - Level 5.0 Poison Magic


You had one spell level left.
You knew the following spells:

 Your Spells              Type           Power        Failure   Level  Hunger
a - Sting                 Conj/Pois      ##..         5%          1    #......
b - Poisonous Vapours     Pois/Air       ##....       7%          2    ###....
x - Mephitic Cloud        Conj/Pois/Air  ##......     19%         3    ###....

Your spell library contained the following spells:

 Spells                   Type           Power        Failure   Level  Hunger
 Olgreb's Toxic Radiance  Pois           ###.....     22%         4    #####..
 Venom Bolt               Conj/Pois      ##........   82%         5    ######.


Dungeon Overview and Level Annotations

Branches:
Dungeon (2/15)

Altars:
Qazlal
Vehumet
Xom
Yredelemnul
The Shining One

Annotations:
D:2 Natasha


Innate Abilities, Weirdness & Mutations

You cannot wear most types of armour.
You are very stealthy in the water. (Stealth+)
((You are amphibious.))
You can wear up to eight rings at the same time.
((You can use your tentacles to constrict eight enemies at once.))
((Your skin changes colour to match your surroundings (Stealth+).))
((Your rubbery body absorbs attacks. (AC +1, EV +1)))


Message History

The puff of flame hits Natasha!
You now have 5/7 mp.
Unknown command.
Aim: Natasha, carrying a wand of flame (10) (almost dead, poisoned) Poisonous vapours surround Natasha!
You kill Natasha!
Vehumet accepts your kill.
Natasha growls in agony!
You now have 3/7 mp.
You start resting.
A bat comes into view.
You regained 2 mp, and now have 5/7 mp.
A bat is nearby!
A frilled lizard comes into view.
You see here 9 gold pieces.
You barely miss the bat. You grab the bat.
You constrict the bat, but do no damage.
The bat hits you but does no damage. The bat hits you.
The bat hits you but does no damage.
You take 1 damage, and have 26/27 hp.
You barely miss the bat. You squeeze the bat.
You kill the bat!
Vehumet accepts your kill.
The helpless frilled lizard fails to defend itself.
You puncture the frilled lizard!
You kill the frilled lizard!
Vehumet accepts your kill.
Health restored: 27 You now have 71 gold pieces (gained 9).
Natasha, Servant of Life and Death comes into view.
She is carrying a wand of flame (10).
Natasha hisses angrily.
You hear an angry hiss.
Natasha zaps a wand.
The puff of flame misses you.
MP restored: 7
Aim: Natasha, carrying a wand of flame (9) Poisonous vapours surround Natasha!
A leopard gecko comes into view.
Natasha is engulfed in poison gas.
Natasha is poisoned.
Natasha drinks a potion.
Natasha is healed!
Natasha looks more healthy.
You now have 5/7 mp.
Aim: Natasha, carrying a wand of flame (9)
You miscast Poisonous Vapours.
You are very lightly contaminated with residual magic.
Nothing appears to happen.
The leopard gecko hisses angrily.
Natasha stares at you and mumbles some strange words.
You feel yourself slow down.
You now have 3/7 mp.
Aim: Natasha, carrying a wand of flame (9) Poisonous vapours surround Natasha!
Natasha is engulfed in poison gas.
Natasha is poisoned.
Natasha wildly gestures.
You feel disoriented.
You now have 1/7 mp.
Natasha mumbles some strange words.
The leopard gecko bites you.
You take 3 damage, and have 24/27 hp.
You miss the leopard gecko. You grab the leopard gecko.
You constrict the leopard gecko. The leopard gecko bites you.
The leopard gecko closely misses you.
You take 2 damage, and have 22/27 hp.
You hit the leopard gecko. You constrict the leopard gecko.
You kill the leopard gecko!
Vehumet accepts your kill.
Natasha mumbles some strange words.
Natasha barely misses you.
The crimson imp blinks!
Natasha zaps a wand.
The puff of flame hits you!
You see here a leopard gecko corpse.
You take 10 damage, and have 12/27 hp.
MASSIVE DAMAGE!!
Aim: Natasha, carrying a wand of flame (8) (moderately wounded, poisoned)
You miscast Poisonous Vapours.
You hear a crackling sound.
Natasha looks more healthy.
Natasha zaps a wand.
The puff of flame hits you.
* * * LOW HITPOINT WARNING * * *
The crimson imp blinks!
You take 5 damage, and have 7/27 hp.
You now have 0/7 mp.
Unknown command.
It was a potion of lignification.
You turn into a tree.
Your roots penetrate the ground.
Natasha zaps a wand.
The puff of flame hits you but does no damage.
Natasha claws you.
* * * LOW HITPOINT WARNING * * *
The crimson imp blinks!
You now have 8/40 hp.
Unknown command.
You are feeling hungry.
You hit Natasha but do no damage. You drain Natasha.
Natasha claws you but does no damage.
You hit Natasha. Natasha claws you but does no damage.
You hit Natasha but do no damage. You drain Natasha.
Natasha claws you but does no damage.
Natasha zaps a wand.
The puff of flame hits you!
You die...

#... ..# ########...# ..#
#......#.... ..
#......#.... ..
####......#...# h#
...#......##..# .####..
...#.......#..####5....[.
...#.......#....♣h5......
##.#.......##.##########.
........##....#
##.############
........... .†.###.....
#..### ... .....# .
...#.#


You could see Natasha and 2 crimson imps.

Vanquished Creatures
  Natasha (D:2)
  An adder (D:2)
  An ooze (D:1)
  3 dart slugs
  3 leopard geckos
  A ball python (D:2)
  8 bats
  3 giant cockroaches
  8 goblins
  2 hobgoblins
  8 jackals
  6 kobolds
  A quokka (D:2)
  4 frilled lizards
  2 rats
52 creatures vanquished.

Notes
Turn   | Place    | Note
-------+----------+-------------------------------------------
     0 | D:1      | mhoghedin the Octopode Venom Mage began the quest for the
                  | Orb.
     0 | D:1      | Reached XP level 1. HP: 11/11 MP: 3/3
   111 | D:1      | Reached skill level 4 in Poison Magic
   304 | D:1      | Reached XP level 2. HP: 17/17 MP: 3/5
   308 | D:1      | Learned a level 2 spell: Poisonous Vapours
   701 | D:1      | Reached skill level 1 in Air Magic
   788 | D:1      | Reached XP level 3. HP: 12/21 MP: 4/6
   909 | D:1      | Learned a level 3 spell: Mephitic Cloud
   937 | D:1      | HP: 5/21 [ooze (4)]
  1609 | D:2      | Found a glowing golden altar of the Shining One.
  1620 | D:2      | Found a basalt altar of Yredelemnul.
  1705 | D:2      | Reached skill level 5 in Poison Magic
  1773 | D:2      | Reached skill level 3 in Stealth
  1773 | D:2      | Reached XP level 4. HP: 21/27 MP: 7/7
  1832 | D:2      | Found a radiant altar of Vehumet.
  1834 | D:2      | Found a shimmering altar of Xom.
  1839 | D:2      | Found a stormy altar of Qazlal.
  1849 | D:2      | Became a worshipper of Vehumet
  1914 | D:2      | Reached skill level 1 in Short Blades
  1985 | D:2      | Noticed Natasha
  1987 | D:2      | Killed Natasha
  2052 | D:2      | Noticed Natasha
  2062 | D:2      | HP: 8/40 [Natasha (4)]
  2065 | D:2      | Killed from afar by Natasha

Levels and vault maps discovered:
D:1:      giann_wishing_wells, layout_loops_ring, minmay_misc_feat_secret_circle
D:2:      layout_basic, grunt_temple_overflow_holy_war,
          gammafunk_temple_overflow_forgotten, minmay_pentomino_w2, uniq_natasha

Skill      XL: |  1  2  3  4 |
---------------+-------------+-----
Poison Magic   | 4 5 |  5.0
Air Magic      | 1 |  1.7
Stealth        | 3 |  3.8
Short Blades   | 1 |  1.5
Dodging        | |  2.0
Spellcasting   | |  2.0
Conjurations   | |  1.0

Action                   |  1- 3 |  4- 6 || total
-------------------------+-------+-------++-------
Melee: Unarmed           |     2 |       ||     2
       Constrict         |     7 |     7 ||    14
       Whip              |    30 |       ||    30
       Tentacles         |     6 |     3 ||     9
       Dagger            |     4 |    30 ||    34
 Cast: Sting             |    20 |       ||    20
       Poisonous Vapours |    17 |     4 ||    21
  Use: Potion            |       |     1 ||     1
 Stab: Sleeping          |     2 |     3 ||     5
  Eat: Chunk             |     4 |     1 ||     5
Armor: Skin              |     3 |     7 ||    10
Dodge: Dodged            |    29 |    15 ||    44
Block: Other             |       |     3 ||     3
       Reflection        |       |     1 ||     1

Table legend:
 A = Non-vault XP
 B = Vault XP
 C = Vault XP percentage of total XP
 D = Non-vault monster count
 E = Vault monster count
 F = Vault count percentage of total count
                 A         B        C        D         E       F
            +---------+---------+-------+---------+---------+-------
      Total |     111 |      38 |  25.5 |      49 |       3 |   5.8
            +---------+---------+-------+---------+---------+-------
        D:1 |      63 |       0 |   0.0 |      28 |       0 |   0.0
        D:2 |      48 |      38 |  44.2 |      21 |       3 |  12.5
            +---------+---------+-------+---------+---------+-------

Levels and vault maps discovered:
D:1:      giann_wishing_wells, layout_loops_ring, minmay_misc_feat_secret_circle
D:2:      layout_basic, grunt_temple_overflow_holy_war,
          gammafunk_temple_overflow_forgotten, minmay_pentomino_w2, uniq_natasha

Table legend:
 A = Turns spent in this place as a percentage of turns spent in the entire game.
 B = Non-inter-level travel turns spent in this place as a percentage of non-inter-level travel turns spent in the entire game.
 C = Inter-level travel turns spent in this place as a percentage of turns spent in this place.
 D = Turns resting spent in this place as a percentage of non-inter-level travel turns spent in this place.
 E = Turns spent auto-exploring this place as a percentage of non-inter-level travel turns spent in this place.
 F = Non-inter-level travel turns spent in this place divided by the number of levels of this place that you've seen.
                   A       B       C       D       E      F
               +-------+-------+-------+-------+-------+----------------------
         Total | 100.0 | 100.0 |   1.5 |  45.5 |  39.8 | 1017.0
       Dungeon | 100.0 | 100.0 |   1.5 |  45.5 |  39.8 | 1017.0
               +-------+-------+-------+-------+-------+----------------------

Table legend:
 A = Kills in this place as a percentage of kills in entire the game.
 B = Kills by you in this place as a percentage of kills by you in the entire game.
 C = Kills by friends in this place as a percentage of kills by friends in the entire game.
 D = Other kills in this place as a percentage of other kills in the entire game.
 E = Experience gained in this place as a percentage of experience gained in the entire game.
 F = Experience gained in this place divided by the number of levels of this place that you have seen.
                   A       B       C       D       E      F
               +-------+-------+-------+-------+-------+----------------------
         Total | 100.0 | 100.0 |   N/A |   N/A | 100.0 |  74.5
       Dungeon | 100.0 | 100.0 |   N/A |   N/A | 100.0 |  74.5
               +-------+-------+-------+-------+-------+----------------------
